Map: [ESL] Tropical Sacrifice

Players

Reynor

  • Race: Zerg Zerg
  • Spawn Location: 7:00

Serral - Winner!

  • Race: Zerg Zerg
  • League: Grandmaster
  • Spawn Location: 1:00

Event: TSL 9

VOD

Have the link to the VOD?

Description

Time

  • Played on: Sept. 3, 2022, 7:09 a.m.
  • Length: 8:29

All games in this series

Show
View Real Time Build Order
Export as new Build Order

Reynor Zerg 

Build Orders: Hatch First 

Get SALT Encoding   

  12  0:00  Drone  
  13  0:13  Overlord  
  13  0:18  Drone  
  14  0:31  Drone x2  
  16  0:49  Hatchery  
  15  0:53  Drone  
  15  0:56  Drone  
  17  0:59  Drone  
  18  1:10  Extractor  
  17  1:15  Spawning Pool  
  16  1:18  Drone  
  16  1:22  Drone  
  18  1:28  Drone  
  19  1:39  Drone  
  20  1:50  Drone  
  21  2:01  Overlord  
  21  2:02  Zergling x2, Queen x2  
  26  2:11  Metabolic Boost, Drone  
  26  2:14  Drone  
  28  2:22  Drone  
  29  2:23  Drone  
  30  2:38  Hatchery  
  30  2:40  Drone  
  30  2:42  Drone  
  31  2:48  Baneling Nest  
  31  2:50  Drone  
  31  2:52  Drone  
  31  2:57  Overlord  
  32  3:00  Zergling x2  
  33  3:06  Drone  
  33  3:07  Zergling x2  
  33  3:12  Drone  
  36  3:16  Zergling x4  
  36  3:17  Drone x3  
  41  3:21  Overlord  
  41  3:28  Queen  
  41  3:30  Drone  
  41  3:33  Baneling  
  44  3:38  Drone, Evolution Chamber  
  44  3:40  Drone  
  44  3:43  Drone x2  
  44  3:45  Drone x2  
  44  3:47  Drone  
  49  3:50  Drone x2  
  51  3:56  Overlord  
  51  3:57  Drone  
  51  3:59  Drone  
  51  4:02  Drone  
  54  4:04  Drone  
  54  4:07  Zerg Missile Weapons Level 1  
  54  4:08  Drone  
  56  4:12  Overlord  
  56  4:14  Drone  
  57  4:17  Extractor  
  57  4:22  Roach Warren  
  57  4:23  Zergling x4  
  57  4:24  Drone x2  
  57  4:25  Drone  
  57  4:27  Extractor  
  59  4:32  Overlord  
  59  4:37  Drone  
  59  4:38  Lair, Drone x2  
  62  4:42  Drone  
  63  4:46  Overlord  
  63  4:50  Baneling  
  62  4:52  Overlord  
  62  4:54  Zergling x6  
  61  5:05  Roach x5  
  61  5:06  Drone, Roach  
  67  5:10  Extractor  
  67  5:11  Baneling x2  
  67  5:12  Overlord  
  67  5:14  Drone x3  
  68  5:16  Overlord  
  68  5:20  Overlord  
  68  5:31  Baneling x2  
  68  5:40  Hatchery  
  68  5:42  Baneling, Spire  
  66  5:44  Drone  
  66  5:45  Drone x3  
  66  5:47  Drone  
  71  5:54  Roach x3  
  71  5:55  Roach  
  79  5:59  Drone  
  79  6:00  Drone x2  
  79  6:02  Drone  
  82  6:04  Drone  
  82  6:10  Drone  
  84  6:13  Overlord  
  84  6:16  Drone  
  85  6:19  Queen  
  85  6:22  Overlord  
  86  6:53  Mutalisk x5  
  96  6:55  Drone x4  
  96  6:56  Drone  
  96  6:57  Roach  
  96  6:58  Roach, Extractor x2  
  96  6:59  Roach  
  107  7:01  Overlord  
  107  7:04  Roach x2  
  111  7:11  Roach, Overlord  
  111  7:13  Roach  
  113  7:18  Drone  
  116  7:23  Roach, Overlord  
  116  7:24  Roach x3  
  120  7:33  Roach x2  
  120  7:36  Roach x4  
  131  7:41  Roach  
  121  7:45  Roach  
  121  7:46  Roach  
  121  7:47  Roach x3  
  99  7:52  Roach  
  99  7:57  Roach  
  75  7:59  Roach  
Show
View Real Time Build Order
Export as new Build Order

Serral Zerg - Winner!

Build Orders: Hatch First 

Get SALT Encoding   

  12  0:00  Drone  
  13  0:12  Overlord  
  13  0:17  Drone  
  14  0:30  Drone  
  14  0:31  Drone  
  16  0:50  Hatchery  
  16  0:52  Drone  
  16  0:56  Drone  
  17  1:00  Drone  
  18  1:10  Extractor  
  17  1:15  Spawning Pool  
  17  1:18  Drone  
  17  1:22  Drone  
  18  1:28  Drone  
  19  1:38  Drone  
  20  1:49  Drone  
  21  2:00  Overlord  
  21  2:02  Queen x2  
  21  2:03  Zergling x2  
  26  2:11  Drone  
  26  2:12  Drone  
  26  2:13  Metabolic Boost  
  28  2:23  Zergling x2  
  28  2:24  Drone  
  30  2:33  Drone  
  30  2:34  Drone  
  32  2:43  Hatchery  
  31  2:46  Drone  
  31  2:51  Baneling Nest  
  31  2:53  Overlord  
  31  2:57  Drone  
  32  2:58  Drone  
  32  3:05  Queen  
  33  3:08  Zergling x2  
  36  3:14  Zergling x2  
  36  3:15  Drone x2  
  36  3:17  Drone  
  40  3:21  Overlord  
  40  3:24  Zergling x2  
  40  3:26  Drone  
  42  3:30  Drone  
  42  3:33  Drone  
  44  3:39  Evolution Chamber  
  43  3:41  Zergling x2  
  43  3:44  Drone x3  
  43  3:47  Drone x3  
  50  3:51  Drone x2  
  50  3:52  Extractor  
  50  3:54  Drone  
  52  3:57  Overlord  
  52  4:04  Roach Warren  
  52  4:08  Zerg Missile Weapons Level 1  
  52  4:09  Drone  
  52  4:11  Drone  
  52  4:13  Drone  
  54  4:21  Zergling x10  
  59  4:26  Zergling x6  
  59  4:29  Zergling x4  
  64  4:34  Baneling x4  
  64  4:35  Zergling x4  
  64  4:37  Baneling x2  
  65  4:41  Overlord  
  65  4:43  Overlord  
  65  4:49  Overlord  
  65  4:54  Zergling x2  
  61  5:02  Zergling x6  
  60  5:07  Roach x3  
  60  5:08  Drone x5  
  60  5:11  Lair  
  75  5:14  Roach x2  
  75  5:15  Baneling x2  
  75  5:19  Drone  
  75  5:20  Drone x2  
  78  5:25  Overlord  
  74  5:30  Roach x3  
  74  5:33  Drone x3  
  82  5:41  Drone, Extractor x2  
  81  5:44  Roach  
  81  5:48  Drone x2  
  81  5:49  Drone x2  
  87  5:50  Roach x3  
  87  5:51  Roach  
  87  5:55  Overlord  
  87  5:57  Roach  
  95  5:59  Roach  
  95  6:03  Overlord  
  97  6:07  Overlord  
  97  6:08  Glial Reconstitution  
  97  6:11  Overlord  
  97  6:15  Ravager  
  97  6:16  Roach x2  
  101  6:22  Roach x2  
  105  6:25  Overlord  
  105  6:27  Roach x2  
  105  6:31  Roach  
  105  6:32  Roach  
  113  6:38  Roach x2  
  117  6:42  Roach x2  
  117  6:46  Overlord  
  121  6:48  Roach x2, Extractor  
  121  6:49  Roach  
  121  6:52  Overlord x2  
  126  6:56  Roach x2  
  126  6:58  Overlord x3  
  130  7:01  Roach x2  
  130  7:02  Roach  
  130  7:06  Roach  
  137  7:10  Overlord  
  137  7:12  Roach x3  
  143  7:17  Roach  
  143  7:20  Roach x2  
  149  7:24  Roach  
  149  7:27  Roach x3  
  155  7:33  Roach x4  
  160  7:41  Roach x2  
  160  7:44  Roach x2  
  160  7:47  Roach x3  
  162  7:53  Roach x2  
  162  7:55  Roach  
  146  7:59  Roach  
  146  8:05  Roach x5  
Tags
 
Add a new tag
Caveats
  • Supply blocks, unpowered buildings, or Contaminate may cause inaccurate times.
  • Supply counts are checked every 10 seconds.